 Dungeon Crawl Stone Soup version 0.31.0-9-g3a7656b989 (webtiles) character file.

Game seed: 356866977920149134

541 qw the Shooter (level 6, 0/51 HPs)
             Began as a Demigod Hunter on Feb 2, 2024.
             Slain by a kobold
             ... wielding a +0 short sword
              (1 damage)
             ... on level 4 of the Dungeon.
             The game lasted 00:00:15 (3599 turns).

qw the Shooter (Demigod Hunter)                     Turns: 3599, Time: 00:00:16

Health: 0/51       AC: 12    Str: 12    XL:     6   Next: 76%
Magic:  8/8        EV: 12    Int: 11    God:
Gold:   283        SH:  0    Dex: 25    Spells: 5/5 levels left

rFire   . . .        a - +1 shortbow
rCold   . . .        (shield currently unavailable)
rNeg    . . .        f - +4 ring mail
rPois   .            (no helmet)
rElec   .            (no cloak)
rCorr   .            h - +0 pair of gloves
SInv    .            (no boots)
Will    .....        (no amulet)
Stlth   ++           (no ring)
HPRegen 0.28/turn    (no ring)
MPRegen 0.11/turn

%: no passive effects
@: about to teleport
A: high MP 1, forlorn, divine attributes, iridescent scales 1, persistent drain
a: no special abilities


You were on level 4 of the Dungeon.
You visited 1 branch of the dungeon, and saw 4 of its levels.

You collected 283 gold pieces.


Innate Abilities, Weirdness & Mutations

You have an increased reservoir of magic. (+10% MP)
You shall have no god before yourself.
Your divine heritage dramatically boosts your attributes as you level up.
You are partially covered in iridescent scales. (AC +2)
Your health recovers twice as slowly from being drained.


   Skills:
 - Level 3.5 Fighting
 + Level 6.4 Ranged Weapons
 - Level 1.0 Armour
 - Level 3.0 Dodging
 - Level 0.8 Stealth


You had 5 spell levels left.
You didn't know any spells.
Your spell library was empty.

Inventory:

Hand Weapons
 a - a +1 shortbow (weapon)
Armour
 f - a +4 ring mail (worn)
 h - a +0 pair of gloves (worn)
Jewellery
 c - a ring of wizardry
 i - an amulet of reflection
 m - a ring of ice
Scrolls
 b - a scroll of torment {unknown}
 d - a scroll of vulnerability {unknown}
 k - 2 scrolls of teleportation
Potions
 e - 2 potions of enlightenment
 g - 3 potions of mutation
 j - a potion of resistance
 o - a potion of might {unknown}

Dungeon Overview and Level Annotations

Branches:
Dungeon (4/15)             Temple (0/1) D:4

Shops:
D:4 (


Message History

The orc priest completely misses you. The kobold closely misses you.
You shoot an arrow. The arrow hits the orc priest.
The orc priest is almost dead.
The kobold hits you but does no damage.
The orc priest hits you but does no damage.
You shoot an arrow. The arrow barely misses the orc priest.
The arrow hits the hobgoblin but does no damage.
The kobold hits you with a +0 short sword.
The orc priest hits you but does no damage.
You shoot an arrow. The arrow hits the orc priest.
The orc priest is almost dead.
The kobold barely misses you. The orc priest barely misses you.
You shoot an arrow. The arrow barely misses the orc priest.
The arrow hits the hobgoblin but does no damage.
The kobold closely misses you.
The orc priest invokes the aid of Beogh against you.
Beogh smites you!
You shoot an arrow. The arrow hits the orc priest.
You kill the orc priest!
The kobold hits you but does no damage. The water moccasin barely misses you.
The hobgoblin zaps a wand.
The roots erupt in riotous growth!
The kobold is unaffected.
The hobgoblin is unaffected.
The kobold is unaffected.
The grasping roots grab you!
The water moccasin is unaffected.
The grasping roots constrict you. The kobold hits you but does no damage.
You shoot an arrow. The arrow hits the water moccasin!
The water moccasin is moderately wounded.
The water moccasin barely misses you. The kobold hits you but does no damage.
The grasping roots constrict you. The water moccasin bites you.
3598 ||| READING 3 scrolls of teleportation.
As you read the scroll of teleportation, it crumbles to dust.
You feel strangely unstable. The water moccasin barely misses you.
The kobold barely misses you. The grasping roots constrict you.
The grasping roots release their grip on you.
You shoot an arrow. The arrow hits the water moccasin.
The water moccasin is heavily wounded.
The water moccasin bites you!
The kobold hits you with a +0 short sword.
You die...

####.# ##.#.##.
####.# .........S
###.###... .....#
........K #....#.###
###### .........
######..## .)....
#...##..#### ...).
#.#.##..)... #''#
####.#.###.####
#gS###.##.#.##).<...
#KK@...##.#.###.###.
######.##.#.# #####.
#......# #...
####.### #... #.#
#... ###.#######...
#.........#...
#.###.###.#### #.#
#..##.#


You could see a water moccasin, a hobgoblin and 2 kobolds.

Vanquished Creatures
  An ogre (D:4)
  A bombardier beetle (D:4)
  A gnoll bouda (D:4)
  2 orc priests (D:4)
  A hound (D:4)
  An iguana (D:4)
  2 orc wizards
  5 gnolls
  5 adders
  2 dart slugs
  2 ribbon worms
  21 orcs
  4 bats
  6 endoplasms
  3 giant cockroaches
  9 goblins
  8 hobgoblins
  6 jackals
  2 quokkas (D:2)
  8 ball pythons
  5 frilled lizards
  7 kobolds
  5 rats
107 creatures vanquished.

Notes
Turn   | Place    | Note
-------+----------+-------------------------------------------
     0 | D:1      | qw the Demigod Hunter began the quest for the Orb.
     0 | D:1      | Reached XP level 1. HP: 17/17 MP: 3/3
     0 | D:1      | 0 ||| qw: Version: 0.3-a-155-g5e7d8dd
     0 | D:1      | 0 ||| qw: Game counter: 392
     0 | D:1      | 0 ||| qw: Melee chars always use a shield: true
     0 | D:1      | 0 ||| qw: God list: Okawaru
     0 | D:1      | 0 ||| qw: Allow faded altars: false
     0 | D:1      | 0 ||| qw: Do Orc after clearing Dungeon:15 true
     0 | D:1      | 0 ||| qw: Do second Lair branch before Depths: true
     0 | D:1      | 0 ||| qw: Lair rune preference: random
     0 | D:1      | 0 ||| qw: Goals: Normal
     0 | D:1      | 0 ||| PLANNING D:1-11
   133 | D:1      | Reached skill level 4 in Ranged Weapons
   227 | D:1      | Reached XP level 2. HP: 24/24 MP: 4/4
   699 | D:1      | 699 ||| UPGRADING to +0 pair of gloves.
   704 | D:1      | 704 ||| UPGRADING to +0 ring mail.
   714 | D:1      | 714 ||| DROPPING +0 leather armour.
   715 | D:1      | 715 ||| READING 2 scrolls labelled BUSOOQ XIVAE.
   715 | D:1      | 715 ||| IDENTIFYING fizzy purple potion
   716 | D:1      | 716 ||| READING scroll of identify.
   716 | D:1      | 716 ||| IDENTIFYING golden potion
   717 | D:1      | 717 ||| READING scroll labelled DOBRINAKKA.
   717 | D:1      | 717 ||| ENCHANTING +0 shortbow.
   718 | D:1      | 718 ||| DRINKING 2 murky puce potions.
   719 | D:1      | 719 ||| DROPPING scroll of butterflies.
   720 | D:1      | 720 ||| DROPPING potion of magic.
  1039 | D:2      | Reached XP level 3. HP: 29/29 MP: 5/5
  1471 | D:2      | 1471 ||| READING scroll labelled JUKURI NAPI.
  1472 | D:2      | 1472 ||| READING scroll labelled JAHYNA KYTTOA.
  1473 | D:2      | 1473 ||| READING scroll labelled SURINN BAFEGO.
  1474 | D:2      | 1474 ||| READING 4 scrolls labelled QENAKH AGOSH.
  1478 | D:2      | 1478 ||| DRINKING 2 smoky red potions.
  1478 | D:2      | Gained mutation: You are partially covered in iridescent
                  | scales. (AC +2) [potion of mutation]
  1478 | D:2      | Gained mutation: Your health recovers twice as slowly from
                  | being drained. [potion of mutation]
  1479 | D:2      | 1479 ||| DRINKING 2 smoky brown potions.
  1963 | D:3      | 1963 ||| DRINKING 2 potions of curing.
  1963 | D:3      | 1963 ||| (to cure confusion)
  1967 | D:3      | 1967 ||| DRINKING potion of curing.
  1967 | D:3      | 1967 ||| (to cure confusion)
  1969 | D:3      | Reached skill level 5 in Ranged Weapons
  1969 | D:3      | Reached XP level 4. HP: 36/36 MP: 6/6
  2040 | D:3      | Reached skill level 1 in Armour
  2576 | D:3      | 2576 ||| UPGRADING to +4 ring mail.
  2586 | D:3      | 2586 ||| DROPPING +0 ring mail.
  2587 | D:3      | 2587 ||| READING 3 scrolls of identify.
  2587 | D:3      | 2587 ||| IDENTIFYING amethyst potion
  2588 | D:3      | 2588 ||| READING 2 scrolls of identify.
  2588 | D:3      | 2588 ||| IDENTIFYING pink potion
  2589 | D:3      | 2589 ||| READING scroll of identify.
  2589 | D:3      | 2589 ||| IDENTIFYING murky amethyst potion
  2590 | D:3      | 2590 ||| DROPPING potion of degeneration.
  2591 | D:3      | 2591 ||| DROPPING potion of lignification.
  2592 | D:3      | 2592 ||| DROPPING potion of ambrosia.
  2603 | D:4      | 2603 ||| STAIRDANCE
  2629 | D:4      | Reached XP level 5. HP: 32/41 MP: 7/7
  2658 | D:4      | HP: 9/41 [gnoll/+0 spear[a gnoll bouda] (5)]
  2659 | D:4      | 2659 ||| READING 4 scrolls of teleportation.
  2781 | D:4      | Reached skill level 6 in Ranged Weapons
  2886 | D:4      | Found Gogihilo's Weapon Shop.
  2921 | D:4      | Found a staircase to the Ecumenical Temple.
  3003 | D:4      | Noticed an ogre
  3011 | D:4      | Killed an ogre
  3012 | D:4      | Reached skill level 3 in Fighting
  3012 | D:4      | Reached XP level 6. HP: 36/51 MP: 8/8
  3376 | D:4      | Reached skill level 3 in Dodging
  3583 | D:4      | Noticed a water moccasin
  3584 | D:4      | 3584 ||| RETREEEEATING.
  3597 | D:4      | HP: 10/51 [water moccasin (3)]
  3598 | D:4      | 3598 ||| READING 3 scrolls of teleportation.
  3599 | D:4      | HP: 1/51 [water moccasin (7)]
  3599 | D:4      | Slain by a kobold

Levels and vault maps discovered:
D:1:      psy_arrival_statuary, layout_basic
D:2:      minmay_angry_zag, layout_basic, kennysheep_nondescript
D:3:      minmay_razor_zed, layout_loops_ring,
          nicolae_kikubaaqudgha_miasma_corner, mainiacjoe_overflow_alcove_4,
          grunt_qazlal_sundering, shapermc_ecumenical_altar_totnotflames
D:4:      layout_loops_cross, minmay_temple_entry_ruins, serial_shops,
          nicolae_shop_bloodbath_and_beyond, kennysheep_big_empty_room,
          nicolae_concentric_dashed_squares_wild

Skill      XL: |  1  2  3  4  5  6 |
---------------+-------------------+-----
Ranged Weapons | 4 5 6 |  6.4
Fighting       | 2 3 |  3.5
Armour         | 1 |  1.0
Dodging        | 2 3 |  3.0
Stealth        | |  0.8

Action                     |  1- 3 |  4- 6 || total
---------------------------+-------+-------++-------
   Fire: Shortbow          |   115 |   252 ||   367
    Use: Scroll            |     7 |     5 ||    12
         Potion            |     5 |       ||     5
 Armour: Ring mail         |    21 |   117 ||   138
         Leather armour    |     1 |       ||     1
  Dodge: Dodged            |    29 |    73 ||   102

Table legend:
 A = Non-vault XP
 B = Vault XP
 C = Vault XP percentage of total XP
 D = Non-vault monster count
 E = Vault monster count
 F = Vault count percentage of total count
                 A         B        C        D         E       F
            +---------+---------+-------+---------+---------+-------
      Total |     719 |      54 |   7.0 |      90 |      17 |  15.9
            +---------+---------+-------+---------+---------+-------
        D:1 |      26 |       0 |   0.0 |      15 |       0 |   0.0
        D:2 |      24 |      17 |  41.5 |      14 |       4 |  22.2
        D:3 |     116 |      37 |  24.2 |      22 |      13 |  37.1
        D:4 |     553 |       0 |   0.0 |      39 |       0 |   0.0
            +---------+---------+-------+---------+---------+-------
